Map: Ley Lines

Players

EightNovem

  • Race: Terran Terran
  • League: Diamond
  • Spawn Location: 1:00

Barac - Winner!

  • Race: Terran Terran
  • League: Master
  • Spawn Location: 7:00

VOD

Have the link to the VOD?

Description

Time

  • Played on: Sept. 12, 2025, 12:30 p.m.
  • Length: 15:43
Show
View Real Time Build Order
Export as new Build Order

EightNovem Terran 

Build Orders:  

Get SALT Encoding   

  12  0:00  SCV  
  13  0:12  SCV  
  14  0:17  Supply Depot  
  14  0:24  SCV  
  15  0:38  SCV  
  15  0:40  Barracks  
  16  0:44  Refinery  
  16  0:51  SCV  
  16  0:54  Refinery  
  17  1:03  SCV  
  18  1:15  SCV  
  19  1:27  Reaper  
  19  1:28  Orbital Command  
  19  1:32  Supply Depot  
  20  1:46  Factory  
  20  1:53  SCV  
  21  2:00  Barracks Reactor  
  21  2:05  SCV  
  22  2:17  SCV  
  23  2:24  Command Center  
  23  2:31  SCV  
  23  2:32  Hellion  
  23  2:36  Supply Depot  
  26  2:38  Reaper x2  
  28  2:46  SCV  
  28  2:48  Starport  
  29  2:58  Hellion, SCV  
  32  3:10  Reaper  
  33  3:13  SCV  
  33  3:17  Reaper  
  37  3:20  Hellion  
  37  3:26  SCV  
  38  3:27  Starport Tech Lab  
  38  3:30  Refinery  
  38  3:36  Orbital Command  
  38  3:38  SCV  
  39  3:49  Raven, Factory Tech Lab  
  39  3:50  Marine, SCV  
  39  3:51  Marine  
  42  4:02  SCV  
  43  4:08  Cyclone, Marine x2  
  48  4:10  Supply Depot  
  48  4:14  SCV  
  47  4:28  SCV  
  47  4:29  Marine  
  46  4:37  Marine  
  45  4:40  SCV  
  41  4:49  Cyclone  
  36  4:55  Marine  
  30  5:00  Liberator  
  33  5:10  SCV  
  34  5:16  Orbital Command  
  34  5:22  SCV  
  34  5:27  Barracks Reactor  
  35  5:34  SCV  
  26  6:04  SCV x2  
  28  6:11  Marine x2  
  28  6:16  SCV  
  31  6:18  SCV  
  32  6:28  SCV  
  32  6:30  SCV  
  34  6:35  Siege Tank  
  34  6:38  Refinery  
  37  6:40  SCV  
  37  6:43  SCV  
  39  6:50  Marine  
  39  6:51  Supply Depot  
  39  6:52  SCV, Viking  
  43  6:55  SCV  
  44  7:04  SCV  
  44  7:07  SCV  
  46  7:12  Marine  
  46  7:13  Supply Depot, Siege Tank  
  50  7:16  SCV  
  50  7:19  Supply Depot, SCV  
  51  7:27  Viking  
  51  7:28  SCV  
  54  7:34  Marine, SCV  
  54  7:35  Bunker  
  56  7:41  SCV  
  57  7:45  Siege Tank  
  57  7:47  SCV  
  61  7:52  Supply Depot  
  61  7:53  SCV  
  62  7:59  SCV  
  62  8:01  Viking x2  
  62  8:05  SCV  
  68  8:07  Supply Depot  
  68  8:11  SCV  
  69  8:17  SCV  
  69  8:18  Marauder  
  72  8:23  SCV  
  73  8:28  Siege Tank  
  73  8:29  SCV  
  77  8:35  SCV  
  77  8:37  Supply Depot  
  77  8:39  Marine  
  79  8:41  SCV  
  79  8:47  Command Center  
  80  8:50  SCV  
  81  8:56  Barracks  
  81  8:57  SCV  
  81  9:01  Stimpack  
  81  9:02  Barracks  
  82  9:04  SCV  
  82  9:08  Refinery  
  83  9:10  Engineering Bay  
  83  9:13  Engineering Bay  
  83  9:14  SCV  
  83  9:16  Siege Tank  
  87  9:19  SCV  
  87  9:23  Supply Depot  
  88  9:26  SCV  
  88  9:31  SCV  
  90  9:32  Medivac  
  90  9:33  Medivac  
  90  9:37  Supply Depot  
  94  9:41  Terran Infantry Weapons Level 1  
  94  9:43  Terran Infantry Armor Level 1  
  94  9:45  SCV  
  95  9:48  Siege Tank  
  98  9:54  SCV  
  98  9:57  SCV  
  98  9:58  Barracks Reactor x2  
  99  10:03  Barracks  
  99  10:05  Barracks  
  99  10:06  SCV  
  100  10:16  Supply Depot  
  100  10:18  Supply Depot  
  100  10:20  Orbital Command, Siege Tank  
  103  10:26  SCV  
  103  10:27  Marine  
  105  10:29  Supply Depot  
  105  10:30  SCV  
  105  10:31  Supply Depot  
  106  10:38  SCV  
  107  10:43  Combat Shield  
  107  10:44  Medivac  
  107  10:45  Marine x4  
  107  10:47  SCV  
  114  10:52  Siege Tank  
  114  10:53  SCV  
  114  10:54  Medivac  
  120  10:58  SCV  
  120  11:01  Armory  
  86  11:20  Viking  
  86  11:21  Marine x7  
  86  11:24  Cyclone  
  97  11:38  Marine  
  97  11:39  Marine x6  
  89  11:52  SCV  
  90  11:56  Cyclone, Marine x3, SCV  
  90  11:57  Marine x3, Marauder  
  96  12:08  SCV  
  97  12:09  SCV  
  97  12:11  Terran Infantry Weapons Level 2, Terran Infantry Armor Level 2  
  97  12:12  SCV  
  97  12:14  Marine x3  
  102  12:19  Marauder  
  102  12:20  SCV  
  98  12:34  SCV x2  
  98  12:35  Marine x4, SCV  
  102  12:39  Medivac x2  
  102  12:40  Marauder  
  108  12:46  SCV x2  
  108  12:47  SCV  
  108  12:51  Barracks Reactor x2  
  111  12:58  SCV  
  111  12:59  SCV x2  
  111  13:05  Refinery  
  114  13:06  Refinery  
  114  13:09  Terran Vehicle Weapons Level 1, Viking x2  
  114  13:10  SCV  
  114  13:11  SCV x2, Missile Turret  
  121  13:19  Supply Depot  
  121  13:20  Supply Depot  
  121  13:22  Supply Depot, SCV  
  121  13:23  SCV x2  
  124  13:31  Marine, Siege Tank  
  124  13:32  Marine x2  
  130  13:34  SCV  
  130  13:39  Viking  
  130  13:40  SCV  
  134  13:43  SCV  
  134  13:46  Marine x6  
  134  13:47  SCV  
  142  13:52  SCV  
  142  13:53  Viking  
  145  13:59  Supply Depot  
  145  14:01  SCV  
  145  14:02  SCV  
  146  14:04  SCV  
  147  14:12  Viking  
  147  14:13  Command Center  
  147  14:14  Marine x2  
  151  14:24  Marine x5, Marauder  
  151  14:30  Barracks  
  157  14:33  Siege Tank  
  156  14:48  Barracks  
  156  14:50  Barracks  
  156  14:58  Marine x9  
  123  15:05  Siege Tank  
  98  15:15  Marine  
  98  15:16  Marine x8  
  98  15:18  Marine  
Show
View Real Time Build Order
Export as new Build Order

Barac Terran - Winner!

Build Orders: 1/1/1, Cyclone Opening 

Get SALT Encoding   

  12  0:00  SCV  
  13  0:12  SCV  
  14  0:16  Supply Depot  
  14  0:24  SCV  
  14  0:27  Refinery  
  15  0:35  Refinery  
  15  0:47  Barracks  
  15  0:52  SCV  
  16  1:05  SCV  
  17  1:17  SCV  
  18  1:33  Orbital Command  
  18  1:35  Barracks Reactor  
  18  1:40  Factory  
  18  1:59  SCV  
  19  2:04  Supply Depot  
  19  2:11  Marine x2, SCV  
  22  2:22  Supply Depot  
  22  2:23  SCV, Factory Tech Lab  
  22  2:25  Starport  
  22  2:29  Marine x2  
  25  2:35  SCV  
  26  2:41  Cyclone  
  29  2:47  SCV  
  29  2:49  Marine x2  
  32  3:02  Supply Depot  
  32  3:03  Liberator  
  35  3:09  Marine x2  
  37  3:33  Supply Depot, Marine x2, Siege Tank  
  42  3:42  SCV  
  43  3:51  Marine  
  44  4:00  Viking  
  44  4:02  Marine  
  47  4:09  Marine  
  48  4:21  Marine  
  48  4:22  Siege Tank  
  52  4:27  Marine  
  52  4:30  Command Center  
  53  4:38  Medivac  
  55  4:44  Marine  
  55  4:47  Marine  
  55  4:52  Supply Depot  
  47  5:07  Marine x2  
  36  5:08  Siege Tank  
  36  5:12  Supply Depot  
  38  5:53  Marine x2  
  38  5:55  Siege Tank  
  38  6:00  Orbital Command, Starport Reactor  
  38  6:07  SCV  
  37  6:19  Supply Depot  
  37  6:21  Engineering Bay  
  37  6:22  Engineering Bay  
  37  6:24  Orbital Command  
  37  6:26  Barracks  
  37  6:27  Barracks  
  37  6:44  SCV  
  38  6:49  Terran Infantry Weapons Level 1, Terran Infantry Armor Level 1  
  38  6:55  Marine x2  
  38  6:57  SCV x2  
  42  7:10  Siege Tank  
  42  7:13  Barracks Tech Lab  
  42  7:14  Barracks Reactor  
  45  7:15  SCV  
  45  7:16  SCV  
  45  7:22  Marine x2  
  48  7:28  SCV  
  49  7:49  Missile Turret x2  
  49  7:52  Marine x5  
  49  7:54  Stimpack  
  54  7:58  Armory, Siege Tank  
  54  8:04  SCV x2  
  59  8:08  Refinery  
  59  8:10  Marine x4  
  63  8:12  Refinery  
  63  8:16  SCV  
  63  8:28  Marine x2  
  63  8:29  Marine x3  
  63  8:31  Medivac x2, Missile Turret  
  63  8:32  SCV  
  73  8:43  SCV  
  73  8:44  SCV  
  73  8:45  Terran Infantry Armor Level 2  
  75  8:53  Marine x4  
  75  8:55  Missile Turret  
  79  9:00  SCV x2  
  81  9:07  Terran Infantry Weapons Level 2  
  81  9:12  Marine x5, SCV x2  
  81  9:16  Viking  
  90  9:33  Supply Depot  
  90  9:34  Supply Depot  
  90  9:38  Supply Depot x2  
  90  9:42  Marine x4  
  94  9:49  Supply Depot  
  94  9:55  Marine, SCV x2  
  94  9:59  Marine  
  97  10:02  Command Center  
  98  10:14  SCV, Barracks  
  98  10:15  Barracks  
  98  10:19  Supply Depot  
  98  10:22  Marine x3  
  101  10:34  Siege Tank  
  104  10:36  Marine x2  
  104  10:40  Marine x2  
  108  10:45  Combat Shield  
  108  10:51  Marine  
  108  10:53  Marine, Viking x2  
  108  10:54  Marine  
  96  11:14  Marine x5  
  96  11:15  Marine  
  96  11:16  Barracks Reactor  
  91  11:26  SCV x2  
  91  11:27  Orbital Command  
  93  11:38  Marine x2  
  93  11:39  Marine x2  
  92  11:40  Siege Tank  
  92  11:41  Viking x2  
  92  11:44  SCV x2  
  96  11:56  SCV x2  
  96  11:59  Terran Infantry Armor Level 3, Terran Infantry Weapons Level 3  
  94  12:04  Marine x6  
  95  12:22  Marine x4  
  95  12:24  Marine x3  
  95  12:26  SCV x3  
  97  12:30  Terran Vehicle Weapons Level 1  
  91  12:38  Marine, SCV x2  
  91  12:39  Marine, SCV  
  96  12:50  Marine, Factory, SCV  
  96  12:51  Marine x5, SCV x2  
  102  12:52  Starport  
  105  13:02  Sensor Tower  
  105  13:05  Sensor Tower  
  105  13:12  SCV x3  
  108  13:16  Siege Tank, Command Center  
  108  13:17  Medivac x2  
  115  13:24  SCV x2  
  117  13:28  Marine x2  
  117  13:29  Marine x5, Missile Turret  
  124  13:35  SCV, Barracks x2  
  124  13:36  SCV  
  124  13:38  Factory Tech Lab  
  124  13:40  Marine  
  127  13:45  Starport Reactor  
  127  13:46  Marine x3  
  127  13:47  Medivac x2  
  134  13:48  Siege Tank  
  134  13:52  Supply Depot  
  134  13:53  Supply Depot  
  134  13:54  Supply Depot  
  137  14:04  Marine x2  
  137  14:05  Marine x5  
  137  14:06  Marine  
  137  14:08  Siege Tank  
  148  14:17  Viking  
  148  14:20  Supply Depot  
  148  14:22  Supply Depot, Marine  
  148  14:23  Supply Depot x2  
  149  14:32  Barracks Reactor x2  
  149  14:33  Barracks Reactor, Marine x3  
  149  14:34  Marine x3  
  155  14:40  Marine  
  156  14:47  Medivac x2  
  156  14:49  Siege Tank  
  156  14:51  Marine x5  
  168  14:59  Marine x2  
  140  15:05  Siege Tank  
  126  15:09  Marine x5  
  131  15:14  Marine x2  
  131  15:16  Marine x5  
Tags
 
Add a new tag
Caveats
  • Supply blocks, unpowered buildings, or Contaminate may cause inaccurate times.
  • Supply counts are checked every 10 seconds.